 Dungeon Sprint DCSS version 0.29-a0-409-gd843f3a48c (webtiles) character file.

Game seed: 15158418934111918589

50858 mhtbhm the Executioner (level 14, -3/235 HPs)
             Began as a Minotaur Fighter on May 14, 2022.
             Was an Initiate of Gozag.
             Killed by divine providence
             ... invoked by a daeva
              (12 damage)
             ... in the Dungeon (Sprint VII: "The Pits").
             The game lasted 00:17:53 (6131 turns).

mhtbhm the Executioner (Minotaur Fighter)           Turns: 6131, Time: 00:17:53

Health: -3/235     AC: 28    Str: 39    XL:     14   Next: 21%
Magic:  0/22       EV: 12    Int:  5    God:    Gozag
Gold:   465        SH: 20    Dex: 15    Spells: 13/13 levels left

rFire   + + .      SeeInvis .   a - +1 broad axe (freeze)
rCold   + + .      Faith    .   c - +0 tower shield {rN+}
rNeg    + + +      Spirit   .   b - +2 gold dragon scales
rPois   +          Reflect  .   (helmet restricted)
rElec   +          Harm     .   G - +1 cloak
rCorr   +          Rampage  +   (no gloves)
Will    +....      NoTele   +   e - +0 pair of boots {rampage}
Stlth   ..........              f - amulet of the acrobat
HPRegen 0.49/turn               n - ring of the Townfolk {rN+ MP+9 Str+6 Dex-2 Stlth-}
MPRegen 0.18/turn               d - ring of Ajoutrem {rN+ Str+8 Dex+6 Slay+2}

@: mighty, berserking, resistant, gold aura, hasted, invisible, very quick
A: horns 2, retaliatory headbutt
a: Renounce Religion, Potion Petition, Call Merchant, Bribe Branch


You were in the Dungeon.
You worshipped Gozag.
Gozag was aware of your devotion.
You visited 1 branch You collected 14256 gold pieces.
You spent 948 gold pieces at shops.
You paid 12843 gold pieces to Gozag.

Inventory:

Hand Weapons
 a - a +1 broad axe of freezing (weapon)
Missiles
 j - 6 silver javelins (quivered)
Armour
 b - +2 gold dragon scales (worn)
 c - a +0 tower shield of positive energy (worn)
 e - a +0 pair of boots of rampaging (worn)
 r - the +4 skin of Zhor {*Englaciate rC+++ SInv}
   (You found it in the Dungeon)

   It radiates cold, occasionally slowing all nearby creatures who are not
   resistant to cold.
   rC:        It renders you almost immune to cold.
   SInv:      It lets you see invisible.
 G - a +1 cloak (worn)
Jewellery
 d - the ring of Ajoutrem (right hand) {rN+ Str+8 Dex+6 Slay+2}
   (You took it off a vampire in the Dungeon)

   [ring of dexterity]

   Str:       It affects your strength (+8).
   Dex:       It affects your dexterity (+6).
   Slay:      It affects your accuracy & damage with ranged weapons and melee
   (+2).
   rN:        It protects you from negative energy.
 f - an amulet of the acrobat (around neck)
 n - the ring of the Townfolk (left hand) {rN+ MP+9 Str+6 Dex-2 Stlth-}
   (You bought it in a shop in the Dungeon)

   [ring of magical power]

   Str:       It affects your strength (+6).
   Dex:       It affects your dexterity (-2).
   rN:        It protects you from negative energy.
   MP:        It affects your magic capacity (+9).
   Stlth:     It makes you less stealthy.
 z - a ring of willpower
 A - a ring of protection from cold
Wands
 D - a wand of iceblast (4)
 E - a wand of paralysis (6)
Scrolls
 l - 5 scrolls of amnesia
 t - 3 scrolls of enchant armour
 u - 2 scrolls of fear
 w - a scroll of fog
 x - 3 scrolls of enchant weapon
 y - a scroll of identify
 C - a scroll of poison
Potions
 h - 5 potions of magic
 i - 4 potions of berserk rage
 k - a potion of invisibility
 p - 3 potions of resistance
 q - a potion of brilliance
 v - a potion of mutation
 B - a potion of flight
 F - a potion of cancellation
Miscellaneous
 m - a tin of tremorstones (inert)


   Skills:
 + Level 23.1 Fighting
 + Level 24.7 Axes
 + Level 18.7 Armour
 + Level 12.1 Dodging
 + Level 14.6 Stealth
 + Level 17.5 Shields
 + Level 1.5 Evocations


You had 13 spell levels left.
You didn't know any spells.
Your spell library contained the following spells:

 Spells                   Type           Power      Damage    Failure   Level
 Foxfire                  Conj/Fire      0%         2x1d4     100%        1
 Pain                     Necr           0%         1d4       100%        1
 Conjure Flame            Conj/Fire      0%         6-21      100%        3
 Inner Flame              Hex/Fire       0%         N/A       100%        3
 Flame Wave               Conj/Fire      0%         2d4       100%        4
 Leda's Liquefaction      Hex/Erth       0%         N/A       100%        4
 Agony                    Necr           0%         N/A       100%        5
 Excruciating Wounds      Necr           0%         N/A       100%        5
 Lee's Rapid Deconstruct  Erth           0%         3d5*      100%        5
 Statue Form              Tmut/Erth      0%         N/A       100%        6


Dungeon Overview and Level Annotations

Branches:
Dungeon (1/1)

Altars:
Ashenzari
Cheibriados
Dithmenos
Elyvilon
Fedhas
Gozag
Hepliaklqana
Kikubaaqudgha
Makhleb
Nemelex Xobeh
Okawaru
Qazlal
Ru
Sif Muna
Trog
Uskayaw
Vehumet
Wu Jian
Xom
Yredelemnul
Zin
The Shining One
Beogh
Jiyva
Lugonu

Shops:
D ?[=*


Innate Abilities, Weirdness & Mutations

You have a pair of horns on your head.
You reflexively headbutt those who attack you in melee.


Message History

You feel better. Magic courses through your body.
You feel much better. Bopsith hits you but does no damage.
Unknown command.
Unknown command.
The daeva shouts!
You hit Bopsith but do no damage. You headbutt Bopsith.
Bopsith is lightly wounded.
You block Bopsith's attack.
You slice Bopsith!! You freeze Bopsith.
Bopsith is moderately wounded.
The titan waves its arms in wide circles.
Bopsith hits you but does no damage.
Unknown command.
A red film seems to cover your vision as you go berserk!
You feel yourself moving faster!
You feel mighty!
Bopsith is distracted by your dazzling golden aura.
Bopsith gurgles, "Accept thy failure, thou puny tickle-brained flap-bat!"
You hit Bopsith but do no damage.
Bopsith is no longer distracted by gold.
You headbutt Bopsith, but do no damage.
Bopsith is moderately wounded.
Bopsith barely misses you.
You hit Bopsith but do no damage.
Bopsith is lightly wounded.
You block Bopsith's attack.
You completely miss Bopsith.
Bopsith is lightly wounded.
Bopsith hits you!!
* * * LOW HITPOINT WARNING * * *
You feel your power leaking away.
You slice Bopsith!! You freeze Bopsith.
Bopsith is moderately wounded.
The daeva is no longer distracted by gold.
Bopsith hits you!!
* * * LOW HITPOINT WARNING * * *
You feel your power leaking away.
The daeva calls down the wrath of the Shining One upon you.
The Shining One smites you!
You die...
Your body crumbles into a pile of gold.

,***,***,***,**#+#
,,+,,,+,,,+,,,##.##
,**+,**+,**+,**...*
**,***,***,**++.A$*
*** *** ******#C#*
***************#s#
,,,**,,,,,,,,,*#d#
,,,,**,,,,,,,,*#&#
,,,,,**,,,,,,,*#@#
,,,,,,**+**+***#'#
*,,,,,,,,,,,,,*#.#
,*,,,,,,,,,,,,*#'#
*,,,,,,,,,,,,,*#.#
,,,,,,*****++**#'#
,,,,,**,,,*,,,*#[#
,,,,**,,,,+,,,*#'#
,,,**,,,,,*,,,*#.#


You could see Bopsith, a daeva (can't see you), a titan, a purple draconian
(can't see you) and a culicivora (can't see you).

Vanquished Creatures
  Frederick (D)
  Arachne (D)
  A Tzitzimitl (D)
  A death cob (D)
  A nagaraja (D)
  An emperor scorpion (D)
  A fire giant (D)
  A balrug (D)
  2 orc warlords (D)
  2 ghost moths (D)
  A minotaur (D)
  Snorg (D)
  2 green deaths (D)
  A yaktaur captain (D)
  A hell beast (D)
  4 vault guards (D)
  A death knight (D)
  A merfolk avatar (D)
  An anaconda (D)
  3 naga warriors (D)
  A merfolk aquamancer (D)
  Urug (D)
  A naga sharpshooter (D)
  3 deep elf knights (D)
  A sun demon (D)
  A fire crab (D)
  A shadow wraith (D)
  A deep troll (D)
  A cherub (D)
  9 orc knights (D)
  A necromancer (D)
  3 harpies (D)
  A deep elf pyromancer (D)
  A lindwurm (D)
  A wolf spider (D)
  A salamander (shapeshifter) (D)
  Joseph (D)
  2 eyes of devastation (D)
  A smoke demon (D)
  2 gargoyles (D)
  A cane toad (shapeshifter) (D)
  2 cane toads (D)
  A demonic crawler (D)
  A molten gargoyle (D)
  An ice devil (D)
  2 kobold demonologists (D)
  A hellwing (D)
  A freezing wraith (D)
  A wind drake (D)
  A red devil (D)
  2 guardian mummies (D)
  A hornet (D)
  A wandering mushroom (D)
  A troll (D)
  A large abomination (D)
  A polar bear (D)
  6 dream sheep (D)
  5 blink frogs (D)
  4 slime creatures (D)
  A jumping spider (D)
  A flying skull (D)
  An air elemental (D)
  A wraith (D)
  4 yaks (D)
  A vampire (D)
  4 water elementals (D)
  A golden eye (D)
  A steam dragon (D)
  Eustachio (D)
  A fire elemental (D)
  4 redbacks (D)
  A neqoxec (D)
  A chaos spawn (D)
  7 vampire mosquitoes (D)
  A naga (D)
  2 ogres (D)
  A wolf (D)
  A phantom (D)
  A kobold brigand (D)
  A gnoll sergeant (D)
  2 scorpions (D)
  3 wights (D)
  3 killer bees (D)
  2 crimson imps (D)
  A hound (D)
  3 orc priests (D)
  An iguana (D)
  Terence (D)
  2 orc wizards (D)
  A small abomination (D)
  5 gnolls (D)
  A river rat (D)
  3 ufetubi (D)
  2 adder zombies (D)
  2 worms (D)
  7 orcs (D)
  3 ball pythons (D)
  A bat (D)
  A bat skeleton (D)
  A bat zombie (D)
  An endoplasm (D)
  A goblin (D)
  A hobgoblin (D)
  5 jackals (D)
  A ball python simulacrum (D)
  A ball python zombie (D)
  2 frilled lizards (D)
  2 kobolds (D)
  2 quokka skeletons (D)
194 creatures vanquished.

Vanquished Creatures (collateral kills)
  A wolf spider (D)
1 creature vanquished.

Vanquished Creatures (others)
  A wight (D)
1 creature vanquished.

Grand Total: 196 creatures vanquished

Notes
Turn   | Place    | Note
-------+----------+-------------------------------------------
     0 | D        | mhtbhm the Minotaur Fighter began the quest for the Orb.
     0 | D        | Reached XP level 1. HP: 19/19 MP: 0/0
    16 | D        | Reached XP level 2. HP: 28/28 MP: 1/1
    20 | D        | Found a bloodstained altar of Trog.
    20 | D        | Found a shimmering blue altar of Sif Muna.
    20 | D        | Found a viscous altar of Jiyva.
    20 | D        | Found a hazy altar of Hepliaklqana.
    20 | D        | Found an opulent altar of Gozag.
    21 | D        | Found a glowing golden altar of the Shining One.
    21 | D        | Found a glowing silver altar of Zin.
    21 | D        | Found a basalt altar of Yredelemnul.
    21 | D        | Found a shimmering altar of Xom.
    21 | D        | Found an ornate altar of the Wu Jian Council.
    21 | D        | Found a sacrificial altar of Ru.
    21 | D        | Found a stormy altar of Qazlal.
    21 | D        | Found an iron altar of Okawaru.
    21 | D        | Found a sparkling altar of Nemelex Xobeh.
    21 | D        | Found a burning altar of Makhleb.
    21 | D        | Found a blossoming altar of Fedhas.
    21 | D        | Found a white marble altar of Elyvilon.
    21 | D        | Found a shadowy altar of Dithmenos.
    21 | D        | Found a snail-covered altar of Cheibriados.
    23 | D        | Found a radiant altar of Vehumet.
    23 | D        | Found a corrupted altar of Lugonu.
    24 | D        | Found a hide-covered altar of Uskayaw.
    24 | D        | Found an ancient bone altar of Kikubaaqudgha.
    24 | D        | Found a broken altar of Ashenzari.
    28 | D        | Became a worshipper of Gozag Ym Sagoz the Greedy
    66 | D        | Noticed a scorpion
    73 | D        | Killed a scorpion
    74 | D        | Reached skill level 3 in Axes
    74 | D        | Reached XP level 3. HP: 27/38 MP: 2/2
    74 | D        | Reached XP level 4. HP: 32/45 MP: 3/3
   188 | D        | Reached skill level 4 in Axes
   267 | D        | Noticed a flying skull
   285 | D        | Killed a flying skull
   286 | D        | Reached skill level 5 in Axes
   286 | D        | Reached XP level 5. HP: 35/56 MP: 4/4
   286 | D        | Reached XP level 6. HP: 39/62 MP: 5/5
   419 | D        | Reached skill level 6 in Axes
   419 | D        | Reached skill level 10 in Armour
   572 | D        | Noticed a vampire mosquito
   583 | D        | Killed a vampire mosquito
   584 | D        | Reached skill level 7 in Axes
   584 | D        | Reached XP level 7. HP: 52/70 MP: 6/6
   698 | D        | Noticed a dream sheep
   698 | D        | Noticed a dream sheep
   698 | D        | Noticed a dream sheep
   698 | D        | Noticed a dream sheep
   698 | D        | Noticed a dream sheep
   698 | D        | Noticed a dream sheep
   703 | D        | Killed a dream sheep
   704 | D        | Reached skill level 10 in Fighting
   704 | D        | Reached skill level 8 in Axes
   704 | D        | Reached skill level 10 in Shields
   712 | D        | Killed a dream sheep
   713 | D        | Reached skill level 9 in Axes
   713 | D        | Reached XP level 8. HP: 63/79 MP: 7/7
   714 | D        | Killed a dream sheep
   720 | D        | Killed a dream sheep
   721 | D        | Reached skill level 10 in Axes
   728 | D        | Killed a dream sheep
   729 | D        | Reached skill level 11 in Axes
   729 | D        | Reached skill level 5 in Dodging
   735 | D        | Killed a dream sheep
   885 | D        | Noticed a gargoyle
   885 | D        | Noticed a necromancer
   892 | D        | Killed a gargoyle
   893 | D        | Reached skill level 12 in Axes
   893 | D        | Reached XP level 9. HP: 27/89 MP: 8/8
   898 | D        | Killed a necromancer
   899 | D        | Reached skill level 13 in Axes
  1139 | D        | Noticed a demonic crawler
  1139 | D        | Noticed a kobold demonologist
  1147 | D        | Noticed a freezing wraith
  1153 | D        | Killed a demonic crawler
  1154 | D        | Reached skill level 14 in Axes
  1154 | D        | Killed a freezing wraith
  1169 | D        | Noticed a red devil
  1178 | D        | Killed a kobold demonologist
  1179 | D        | Reached skill level 15 in Axes
  1317 | D        | Noticed an ice devil
  1329 | D        | Killed an ice devil
  1330 | D        | Reached XP level 10. HP: 40/100 MP: 9/9
  1729 | D        | Reached skill level 15 in Armour
  1732 | D        | Noticed Terence
  1735 | D        | Noticed a gargoyle
  1737 | D        | Reached skill level 16 in Axes
  1739 | D        | Killed Terence
  1744 | D        | Killed a gargoyle
  1745 | D        | Reached skill level 1 in Stealth
  2092 | D        | Noticed Joseph
  2093 | D        | Noticed an anaconda
  2094 | D        | Noticed a molten gargoyle
  2095 | D        | Noticed a smoke demon
  2103 | D        | Killed a ghost moth
  2103 | D        | Killed Joseph
  2104 | D        | Reached skill level 17 in Axes
  2106 | D        | Killed an anaconda
  2107 | D        | Reached skill level 18 in Axes
  2115 | D        | Reached XP level 11. HP: 43/111 MP: 1/10
  2154 | D        | Reached skill level 15 in Fighting
  2155 | D        | Reached skill level 19 in Axes
  2340 | D        | Noticed a deep troll
  2347 | D        | Killed a deep troll
  2755 | D        | Killed a shadow wraith
  3047 | D        | Noticed a death cob
  3047 | D        | Noticed a deep elf pyromancer
  3055 | D        | Killed a death cob
  3056 | D        | Reached skill level 20 in Axes
  3056 | D        | Reached skill level 10 in Dodging
  3058 | D        | Killed a deep elf pyromancer
  3427 | D        | Found the +6 lightning scales {swift, rElec}
  3427 | D        | Noticed a wolf spider
  3427 | D        | Noticed a death knight
  3427 | D        | Noticed a vault guard
  3427 | D        | Noticed a merfolk avatar
  3428 | D        | Paralysed by an air elemental for 1 turns
  3434 | D        | Killed a wolf spider
  3441 | D        | Killed a vault guard
  3444 | D        | Reached XP level 12. HP: 64/125 MP: 11/11
  3446 | D        | Reached skill level 5 in Stealth
  3449 | D        | Killed a merfolk avatar
  3455 | D        | Killed a death knight
  3496 | D        | Bought the ring of the Townfolk {rN+ MP+9 Str+6 Dex-2
                  | Stlth-} for 534 gold pieces
  3692 | D        | Reached skill level 15 in Shields
  3703 | D        | Reached skill level 21 in Axes
  4059 | D        | Bought a scroll of magic mapping for 35 gold pieces
  4059 | D        | Bought a scroll of fog for 20 gold pieces
  4059 | D        | Bought a scroll of poison for 35 gold pieces
  4059 | D        | Bought a scroll of enchant armour for 75 gold pieces
  4061 | D        | Noticed Eustachio
  4061 | D        | Noticed a hell beast
  4061 | D        | Noticed Arachne
  4062 | D        | Noticed an emperor scorpion
  4074 | D        | Killed Arachne
  4075 | D        | Noticed a naga warrior
  4081 | D        | Noticed Snorg
  4124 | D        | Killed Eustachio
  4126 | D        | Killed a naga warrior
  4132 | D        | Killed an emperor scorpion
  4133 | D        | Killed a hell beast
  4140 | D        | Noticed a merfolk aquamancer
  4148 | D        | HP: 6/130 [something (4)]
  4148 | D        | HP: 2/130 [something (4)]
  4153 | D        | Killed a ghost moth
  4153 | D        | Killed a merfolk aquamancer
  4154 | D        | Reached skill level 22 in Axes
  4154 | D        | Reached XP level 13. HP: 61/139 MP: 1/12
  4155 | D        | Noticed Urug
  4157 | D        | Killed Snorg
  4158 | D        | Reached skill level 10 in Stealth
  4163 | D        | Noticed a minotaur
  4168 | D        | Killed a minotaur
  4170 | D        | Identified the ring of Ajoutrem {rN+ Str+8 Dex+6 Slay+2}
  4174 | D        | Killed Urug
  4999 | D        | Noticed a green death
  5002 | D        | Killed a green death
  5021 | D        | Noticed a green death
  5025 | D        | Killed a green death
  5028 | D        | Noticed Frederick
  5052 | D        | Killed Frederick
  5053 | D        | Reached skill level 23 in Axes
  5147 | D        | Noticed a Tzitzimitl
  5151 | D        | Killed a Tzitzimitl
  5165 | D        | Bought a bronze wand for 112 gold pieces
  5165 | D        | Bought a glass wand for 112 gold pieces
  5165 | D        | Bought a ruby potion for 25 gold pieces
  5186 | D        | Noticed an orc warlord
  5186 | D        | Noticed an orc warlord
  5208 | D        | Killed an orc warlord
  5210 | D        | Killed an orc warlord
  5260 | D        | Noticed a balrug
  5279 | D        | Reached skill level 24 in Axes
  5290 | D        | Killed a balrug
  5291 | D        | Reached XP level 14. HP: 10/155 MP: 13/13
  5792 | D        | Noticed a nagaraja
  5797 | D        | Reached skill level 1 in Evocations
  5805 | D        | Killed a nagaraja
  5901 | D        | Found the +4 skin of Zhor {*Englaciate rC+++ SInv}
  6098 | D        | Noticed a fire giant
  6100 | D        | Killed a fire giant
  6104 | D        | Noticed a titan
  6104 | D        | Noticed Bopsith the pandemonium lord
  6104 | D        | Noticed a daeva
  6119 | D        | HP: 7/157 [daeva/divine providence (9)]
  6131 | D        | HP: 9/235 [Bopsith the pandemonium lord (33)]
  6131 | D        | Killed from afar by a daeva

Illustrated notes

Levels and vault maps discovered:
D:        pitsprint [storerooms_1, entrance_room_1, metal_vault_4, armoury_2,
          mini_pit_1, grid_room_1, main_hall_1, silver_pit, the_coven_3,
          the_vestibule_1, steel_vault_4, golden_pit, hallway_of_sentries,
          crystal_vault_3, iron_vault_1, final_vault]

Skill      XL: |  1  2  3  4  5  6  7  8  9 10 11 12 13 14 |
---------------+-------------------------------------------+-----
Fighting       | 4 6 8 9 10 11 12 14 17 19 22 23 | 23.1
Armour         | 4 6 9 11 12 14 15 16 17 18 | 18.7
Shields        | 4 6 8 9 10 11 12 13 14 15 17 | 17.5
Axes           | 3 5 7 9 12 15 18 20 22 24 | 24.7
Dodging        | 2 3 4 5 6 8 10 11 12 | 12.1
Stealth        | 2 4 9 13 14 | 14.6
Evocations     | 1 |  1.5

Action                   |  1- 3 |  4- 6 |  7- 9 | 10-12 | 13-15 || total
-------------------------+-------+-------+-------+-------+-------++-------
Melee: War axe           |     1 |       |       |       |       ||     1
       Hand axe          |     6 |    57 |    52 |       |       ||   115
       Headbutt          |     1 |    10 |    14 |    39 |    41 ||   105
       Broad axe         |       |       |    49 |   229 |   155 ||   433
Invok: Potion Petition   |       |       |       |     7 |     9 ||    16
       Call Merchant     |       |       |       |     3 |     1 ||     4
Evoke: Wand              |       |       |       |       |     3 ||     3
       Tin of tremorston |       |       |       |       |     2 ||     2
  Use: Potion            |     1 |     1 |     6 |    16 |     8 ||    32
       Scroll            |       |       |       |     3 |     4 ||     7
 Stab: Invisible         |       |       |       |    19 |    20 ||    39
       Distracted        |       |       |       |     1 |     3 ||     4
Armor: Scale mail        |     3 |     9 |    35 |    52 |       ||    99
       Chain mail        |       |    18 |    14 |    50 |    26 ||   108
       Skin              |       |       |       |    22 |       ||    22
       Gold dragon scale |       |       |       |       |     6 ||     6
Dodge: Dodged            |     1 |    24 |    52 |   113 |    39 ||   229
Block: Buckler           |     2 |    18 |    39 |    80 |    29 ||   168
       Tower shield      |       |       |       |       |     3 ||     3

Table legend: (Time is in decaauts)
 A = Elapsed time spent in this place.
 B = Non-inter-level travel time spent in this place.
 C = Inter-level travel time spent in this place.
 D = Time resting spent in this place.
 E = Time spent auto-exploring this place.
 F = Levels seen in this place.
 G = Mean time per level.
                   A        B        C        D        E       F      G
               +--------+--------+--------+--------+--------+-----+--------+
         Total |   6043 |   6043 |      0 |   3881 |     82 |   1 | 6043.0 |
       Dungeon |   6043 |   6043 |      0 |   3881 |     82 |   1 | 6043.0 |
               +--------+--------+--------+--------+--------+-----+--------+

Top non-repeatable levels by time:
       D: 6043 daAuts
